 Dungeon Crawl Stone Soup version 0.30.0-29-ga12c61a403 (webtiles) character file.

Game seed: 12623943801072570406

515 Destapler the Trooper (level 7, 0/55 HPs)
             Began as a Demonspawn Fighter on June 23, 2023.
             Slain by a steam dragon (8 damage)
             ... on level 5 of the Dungeon.
             The game lasted 00:07:41 (3457 turns).

Destapler the Trooper (Demonspawn Fighter)          Turns: 3457, Time: 00:07:42

Health: 0/55       AC:  9    Str: 19    XL:     7   Next: 0%
Magic:  7/7        EV:  9    Int:  9    God:
Gold:   264        SH: 10    Dex: 12    Spells: 6/6 levels left

rFire   . . .        a - +0 long sword
rCold   . . .        c - +0 buckler
rNeg    . . .        b - +0 scale mail
rPois   .            (helmet restricted)
rElec   .            (no cloak)
rCorr   .            (no gloves)
SInv    .            (no boots)
Will    .....        k - amulet of reflection Stlth
                     (no ring)
HPRegen 0.29/turn    (no ring)
MPRegen 0.10/turn

%: reflection
@: attractive
A: antennae 1, yellow scales 1, demonic guardian 1, powered by death 1
a: no special abilities


You were on level 5 of the Dungeon.
You visited 1 branch of the dungeon, and saw 5 of its levels.

You collected 264 gold pieces.

Inventory:

Hand Weapons
 a - a +0 long sword (weapon)
Armour
 b - a +0 scale mail (worn)
 c - a +0 buckler (worn)
Jewellery
 k - an amulet of reflection (around neck)
 l - a ring of ice
Wands
 v - a wand of light (5)
 w - a wand of flame (1)
Scrolls
 d - a scroll of noise {unknown}
 f - a scroll of vulnerability {unknown}
 g - 2 scrolls of fear {unknown}
 i - 2 scrolls of teleportation {unknown}
 j - 6 scrolls of identify {unknown}
 m - a scroll of magic mapping {unknown}
 o - a scroll of brand weapon {unknown}
 p - 2 scrolls of enchant armour {unknown}
 r - 2 scrolls of silence
 u - a scroll of blinking {unknown}
 x - a scroll of enchant weapon {unknown}
Potions
 e - a potion of attraction
 h - 4 potions of lignification {unknown}
 n - 3 potions of curing {unknown}
 q - a potion of invisibility {unknown}
 s - 3 potions of flight {unknown}
 t - a potion of resistance {unknown}


   Skills:
 + Level 4.7 Fighting
 + Level 3.7 Long Blades
 + Level 4.2 Armour
 + Level 4.2 Shields
 + Level 0.2 Evocations


You had 6 spell levels left.
You didn't know any spells.
Your spell library was empty.

Dungeon Overview and Level Annotations

Branches:
Dungeon (5/15)
 Temple: D:4-7

Altars:
Sif Muna
Trog


Innate Abilities, Weirdness & Mutations

You have a pair of small antennae on your head.
You are partially covered in yellow scales. (AC +2)
A weak demonic guardian rushes to your aid.
You regenerate a little health from kills.


Message History

You are engulfed in a cloud of scalding steam.
You block the steam dragon's attack. The steam dragon closely misses you.
You barely miss the steam dragon.
You are engulfed in a cloud of scalding steam.
You block the steam dragon's attack. x2
The steam dragon breathes steam at you. The ball of steam hits you!
You barely miss the steam dragon.
You are engulfed in a cloud of scalding steam.
You block the steam dragon's attack. The steam dragon closely misses you.
You hit the steam dragon but do no damage.
The steam dragon closely misses you.
The steam dragon claws you but does no damage.
The steam dragon bites you but does no damage.
The steam dragon claws you.
You closely miss the steam dragon. The steam dragon misses you.
The steam dragon barely misses you.
You barely miss the steam dragon. You block the steam dragon's attack.
The steam dragon claws you but does no damage.
You barely miss the steam dragon. You block the steam dragon's attack.
The steam dragon closely misses you.
You hit the steam dragon.
The steam dragon is lightly wounded.
The steam dragon breathes steam at you. The ball of steam hits you!!
* * * LOW HITPOINT WARNING * * *
A demonic guardian appears!
You block the steam dragon's attack.
The steam dragon claws you but does no damage.
The steam dragon bites you.
* * * LOW HITPOINT WARNING * * *
You block the steam dragon's attack.
You hit the steam dragon but do no damage.
The steam dragon is lightly wounded.
The steam dragon bites you.
* * * LOW HITPOINT WARNING * * *
The steam dragon closely misses you.
Your shadow imp hits the steam dragon.
You hit the steam dragon.
The steam dragon is moderately wounded.
The steam dragon bites you!
You die...

............###
..............#
.........#....
............#
...........#
..........#
.........#
#....@ยง##
###..D5.###
#...#....#####
#..###......#.#
#..# #.)......#
..## #........#
. ##........+
.. #.........#
.....
##....).##.#


You could see a steam dragon (catching breath, ally target) and a friendly
shadow imp (summoned).

Vanquished Creatures
  Sigmund (D:2)
  A jelly (D:4)
  4 hounds (D:4)
  An iguana (D:4)
  Ijyb (D:5)
  4 gnolls (D:4)
  3 adders
  An ufetubus (D:5)
  A worm (D:3)
  A dart slug (D:3)
  4 orcs
  A bat (D:1)
  9 endoplasms
  2 giant cockroaches
  7 goblins
  5 hobgoblins
  6 quokkas
  6 ball pythons
  3 frilled lizards
  6 kobolds
  7 rats
74 creatures vanquished.

Vanquished Creatures (collateral kills)
  An endoplasm (D:2)
  A kobold (D:2)
  A rat (D:2)
3 creatures vanquished.

Vanquished Creatures (others)
  An adder (D:5)
1 creature vanquished.

Grand Total: 78 creatures vanquished

Notes
Turn   | Place    | Note
-------+----------+-------------------------------------------
     0 | D:1      | Destapler the Demonspawn Fighter began the quest for the
                  | Orb.
     0 | D:1      | Reached XP level 1. HP: 18/18 MP: 1/1
   245 | D:1      | Gained mutation: You regenerate a little health from kills.
                  | [demonic ancestry]
   245 | D:1      | Reached XP level 2. HP: 20/24 MP: 2/2
   519 | D:2      | Noticed Sigmund
   532 | D:2      | Killed Sigmund
   533 | D:2      | Reached XP level 3. HP: 14/30 MP: 3/3
   533 | D:2      | Gained mutation: A weak demonic guardian rushes to your
                  | aid. [demonic ancestry]
   533 | D:2      | Reached XP level 4. HP: 17/37 MP: 4/4
   533 | D:2      | Gained mutation: You have a pair of small antennae on your
                  | head. [demonic ancestry]
   533 | D:2      | Reached XP level 5. HP: 20/42 MP: 5/5
  1281 | D:3      | Found a shimmering blue altar of Sif Muna.
  1632 | D:3      | Found a bloodstained altar of Trog.
  2170 | D:4      | Gained mutation: You are partially covered in yellow
                  | scales. (AC +2) [demonic ancestry]
  2170 | D:4      | Reached XP level 6. HP: 47/48 MP: 6/6
  3094 | D:5      | Entered Level 5 of the Dungeon
  3153 | D:5      | Noticed an orc warrior
  3236 | D:5      | Noticed Ijyb
  3259 | D:5      | Killed Ijyb
  3260 | D:5      | Reached XP level 7. HP: 9/55 MP: 7/7
  3443 | D:5      | Noticed a steam dragon
  3457 | D:5      | Slain by a steam dragon

Illustrated notes

Levels and vault maps discovered:
D:1:      heliophobic_arrival_henge, layout_rooms,
          nicolae_kite_square_tiling_tiny
D:2:      layout_rooms, uniq_sigmund
D:3:      layout_basic, trog_butcher_becter, lemuel_doored_altar
D:4:      layout_cave_pools, minmay_checkerbox
D:5:      layout_layer_cave, kennysheep_generic_room_16,
          uniq_crazy_yiuf_cottage, uniq_ijyb

Skill      XL: |  1  2  3  4  5  6 |
---------------+-------------------+-----
Long Blades    | 2 3 |  3.7
Shields        | 3 4 |  4.2
Fighting       | 4 |  4.7
Armour         | 3 4 |  4.2
Evocations     | |  0.2

Action                     |  1- 3 |  4- 6 |  7- 9 || total
---------------------------+-------+-------+-------++-------
  Melee: Long sword        |    49 |   231 |    10 ||   290
  Evoke: Wand              |       |     2 |       ||     2
    Use: Scroll            |     1 |       |       ||     1
         Potion            |       |     1 |     1 ||     2
   Stab: Invisible         |       |     1 |       ||     1
 Armour: Scale mail        |    19 |    91 |     6 ||   116
  Dodge: Dodged            |    21 |   107 |     8 ||   136
  Block: Buckler           |    10 |   131 |     8 ||   149
         Reflection        |       |     2 |       ||     2
